 Dungeon Crawl Stone Soup version 0.29.1-1-gd02db6906a (webtiles) character file.

Game seed: 3823965045943316560

70 themarg the Caller (level 4, 0/30 HPs)
             Began as a Merfolk Summoner on Sept 19, 2022.
             Was an Initiate of Ru.
             Killed by divine providence
             ... invoked by an orc priest
              (9 damage)
             ... on level 3 of the Dungeon.
             The game lasted 00:11:23 (3418 turns).

themarg the Caller (Merfolk Summoner)               Turns: 3418, Time: 00:11:24

Health: 0/30       AC:  2    Str:  8    XL:     4   Next: 21%
Magic:  0/8        EV: 12    Int: 16    God:    Ru [......]
Gold:   185        SH:  0    Dex: 14    Spells: 5/9 levels left

rFire   . . .      SeeInvis .   r - +0 spear
rCold   . . .      Faith    .   (no shield)
rNeg    . . .      Spirit   .   a - +0 robe
rPois   .          Reflect  .   (no helmet)
rElec   .          Harm     .   (no cloak)
rCorr   .          Rampage  .   (no gloves)
Will    +....                   (no boots)
Stlth   ++........              (no amulet)
HPRegen 0.10/turn               i - ring of willpower
MPRegen 0.11/turn               (no ring)

@: no status effects
A: (nimble swimmer 2), mertail
a: Renounce Religion


You were on level 3 of the Dungeon.
You worshipped Ru.
Ru was noncommittal.
You visited 1 branch of the dungeon, and saw 3 of its levels.

You collected 185 gold pieces.

Inventory:

Hand Weapons
 r - a +0 spear (weapon)
Missiles
 e - 6 atropa-tipped darts
 h - 11 poisoned darts
 j - 2 throwing nets
Armour
 a - a +0 robe (worn)
Jewellery
 i - a ring of willpower (left hand)
 t - an amulet of magic regeneration
Scrolls
 c - 2 scrolls of identify {unknown}
 d - 2 scrolls of immolation {unknown}
 l - a scroll of vulnerability {unknown}
 m - a scroll of enchant armour {unknown}
 n - a scroll of blinking {unknown}
Potions
 b - a potion of magic
 f - 3 potions of cancellation {unknown}
 g - a potion of curing {unknown}
 k - a potion of mutation {unknown}
 o - a potion of haste {unknown}
 p - a potion of attraction {unknown}
 q - a potion of heal wounds {unknown}
 s - a potion of brilliance {unknown}


   Skills:
 - Level 2.6 Dodging
 - Level 3.0 Stealth
 - Level 3.0 Spellcasting
 + Level 4.7 Summonings


You had 5 spell levels left.
You knew the following spells:

 Your Spells              Type           Power      Damage    Failure   Level
a - Summon Small Mammal   Summ           68%        N/A       2%          1
b - Call Canine Familiar  Summ           17%        N/A       9%          3

Your spell library contained the following spells:

 Spells                   Type           Power      Damage    Failure   Level
 Call Imp                 Summ           17%        N/A       4%          2
 Summon Guardian Golem    Hex/Summ       9%         N/A       22%         3
 Ozocubu's Armour         Ice            2%         N/A       50%         3
 Summon Lightning Spire   Summ/Air       9%         N/A       56%         4
 Metabolic Englaciation   Hex/Ice        1%         N/A       99%         5
 Simulacrum               Ice/Necr       1%         N/A       100%        6


Dungeon Overview and Level Annotations

Branches:
Dungeon (3/15)

Altars:
Ru
Trog


Innate Abilities, Weirdness & Mutations

((You are very nimble when in or above water. (Stealth+, EV+, Speed+++)))
Your lower body shifts to a powerful aquatic tail in water.


Message History

An orc comes into view. It is wielding a +0 flail.
The orc priest hits your hound with a +0 falchion.
You aren't carrying any items that you can evoke.
You swap places.
Something hits you but does no damage.
The orc priest hits you with a +0 falchion.
Things that are here:
a +0 club; a goblin corpse You swap places.
Your hound closely misses something.
Something hits your hound.
The orc priest closely misses your hound.
Reach: r) +0 spear
Press: ? - help, Dir - move target, f - orc priest
Aim: an orc priest, wielding a +0 falchion (moderately wounded, about 40% to evade your +0 spear)
You reach to attack!
You hit the orc priest.
The orc priest is heavily wounded.
Your hound bites something.
The orc priest invokes the aid of Beogh against you.
Beogh smites you!
Ouch! That really hurt!
* * * LOW HITPOINT WARNING * * *
Something hits your hound.
The orc priest hits your hound with a +0 falchion.
Your hound misses something.
You hear a shout!
Reach: r) +0 spear
Press: ? - help, Dir - move target, f/p - orc priest
Aim: an orc priest, wielding a +0 falchion (heavily wounded, about 40% to evade your +0 spear)
You could not reach far enough!
Your hound bites something.
The orc priest looks braver for a moment.
Something hits your hound.
Your hound dies!
Your hound's corpse disappears in a puff of smoke!
Casting: Summon Small Mammal (safe; 2% risk of failure)
Confirm with . or Enter, or press ? or * to list all spells.
The spell is quite dangerous to miscast (9% risk of failure)!
Continue anyway?
The orc priest mumbles some strange prayers to Beogh against you.
You resist with some effort.
The orc priest mumbles some strange prayers to Beogh against you.
Beogh smites you!
You die...

#.......# ########
#.......#......#
.......###.......#......#
.................#......#
.................#......#
............)....#......#
#####..).....#####o......
####...#.###.#####.{..?..
.....###.# #..hr@o.o.....
######...##########......
###...#..# ..###
##....#...## .#
...#.#..#..# #
#.#......#.##
#..#..#..#..#
##.##....#..##
.#.....###...#


You could see 2 orc priests, a friendly hound (summoned) and a friendly quokka
(summoned).

Vanquished Creatures
  An adder (D:3)
  A worm (D:3)
  2 ball pythons
  A bat (D:1)
  3 goblins
  A kobold (D:3)
  A quokka (D:3)
10 creatures vanquished.

Vanquished Creatures (collateral kills)
  2 adders
  3 ball pythons
  4 endoplasms
  5 hobgoblins
  A quokka (D:1)
  A frilled lizard (D:3)
  5 goblins
  2 kobolds
  5 rats
28 creatures vanquished.

Grand Total: 38 creatures vanquished

Notes
Turn   | Place    | Note
-------+----------+-------------------------------------------
     0 | D:1      | themarg the Merfolk Summoner began the quest for the Orb.
     0 | D:1      | Reached XP level 1. HP: 13/13 MP: 3/3
   218 | D:1      | Reached XP level 2. HP: 12/19 MP: 3/5
   505 | D:1      | Found a faded altar of an unknown god.
  1359 | D:2      | Reached XP level 3. HP: 17/24 MP: 3/6
  1441 | D:2      | Learned a level 3 spell: Call Canine Familiar
  1740 | D:2      | Found a sacrificial altar of Ru.
  1747 | D:2      | Became a worshipper of Ru the Awakened
  2355 | D:3      | Identified the +2 robe of the Big Bang {Rampage *Slow
                  | Dex+4}
  2481 | D:3      | Reached XP level 4. HP: 6/30 MP: 0/8
  3266 | D:3      | Found a bloodstained altar of Trog.
  3418 | D:3      | Killed from afar by an orc priest

Illustrated notes

Levels and vault maps discovered:
D:1:      minmay_arrival_stone_box, layout_basic,
          hellmonk_ecumenical_altar_pennies_from_heaven
D:2:      layout_basic, basic_altar
D:3:      minmay_skewed_foursquare, layout_basic, trog_book

Skill      XL: |  1  2  3  4 |
---------------+-------------+-----
Stealth        | 3 |  3.0
Spellcasting   | 3 |  3.0
Dodging        | |  2.6
Summonings     | |  4.7

Action                   |  1- 3 |  4- 6 || total
-------------------------+-------+-------++-------
Melee: Long sword        |     9 |       ||     9
       Dagger            |    43 |     8 ||    51
       Spear             |       |     9 ||     9
 Cast: Summon Small Mamm |    48 |    16 ||    64
       Call Canine Famil |       |     3 ||     3
 Stab: Sleeping          |       |     1 ||     1
Armor: Robe              |    14 |     1 ||    15
Dodge: Dodged            |    43 |     3 ||    46
